 Dungeon Crawl Stone Soup version 0.27-a0-1278-g6cbc8dfb29 (webtiles) character file.

Game seed: 3081803534309452312

4324 polve the Impaler (level 10, -5/56 HPs)
             Began as a Tengu Berserker on June 12, 2021.
             Was an Elder of Trog.
             Slain by Grum (10 damage)
             ... on level 8 of the Dungeon.
             The game lasted 00:08:01 (8751 turns).

polve the Impaler (Tengu Berserker)                 Turns: 8751, Time: 00:08:02

Health: -5/56      AC: 12    Str: 21    XL:     10   Next: 33%
Magic:  11/11      EV: 16    Int:  8    God:    Trog [****..]
Gold:   306        SH:  0    Dex: 13    Spells: 9/9 levels left

rFire    + . .     SeeInvis .   t - +0 glaive
rCold    . . .     Faith    .   (shield currently unavailable)
rNeg     . . .     Spirit   .   c - +4 scale mail {rF+}
rPois    .         Reflect  .   (helmet restricted)
rElec    .         Harm     .   u - +0 cloak
rCorr    .         Rampage  .   B - +0 pair of gloves
Will     .....                  (boots unavailable)
Stlth    ..........             (no amulet)
HPRegen  0.18/turn              l - +4 ring of evasion
MPRegen  0.12/turn              (no ring)

@: lethally poisoned (-5 -> -7), on berserk cooldown, flying quickly and
evasively, slowed, very slow
A: beak, talons 3, nimble flight
a: Renounce Religion, Berserk, Trog's Hand, Brothers in Arms


You were on level 8 of the Dungeon.
You worshipped Trog.
Trog was greatly pleased with you.
You visited 1 branch of the dungeon, and saw 8 of its levels.

You collected 306 gold pieces.

Inventory:

Hand Weapons
 t - a +0 glaive (weapon)
Missiles
 y - 8 curare-tipped darts
 A - a throwing net
 D - 3 boomerangs of dispersal
Armour
 c - a +4 scale mail of fire resistance (worn)
 u - a +0 cloak (worn)
 B - a +0 pair of gloves (worn)
Jewellery
 l - a +4 ring of evasion (left hand)
 E - a ring of resist corrosion
Wands
 a - a wand of mindburst (33)
 p - a wand of flame (23)
Scrolls
 d - a scroll of silence {unknown}
 e - 3 scrolls of identify {unknown}
 g - 4 scrolls of teleportation {unknown}
 i - 3 scrolls of noise {unknown}
 m - a scroll of holy word {unknown}
 n - a scroll of enchant weapon {unknown}
 o - 2 scrolls of fog {unknown}
 q - a scroll of immolation {unknown}
 s - a scroll of amnesia {unknown}
 w - a scroll of acquirement {unknown}
Potions
 b - 3 potions of curing
 f - a potion of ambrosia {unknown}
 h - a potion of attraction {unknown}
 j - 2 potions of might {unknown}
 k - 2 potions of invisibility {unknown}
 r - 2 potions of brilliance {unknown}
 v - a potion of flight {unknown}
 x - a potion of lignification {unknown}
 z - a potion of heal wounds {unknown}
 C - 4 potions of magic {unknown}


   Skills:
 - Level 3.0 Fighting
 + Level 15.4 Polearms
 - Level 2.1 Armour
 - Level 2.1 Dodging


You had 9 spell levels left.
You didn't know any spells.
Your spell library was empty.

Dungeon Overview and Level Annotations

Branches:
Dungeon (8/15)             Temple (0/1) D:6            Lair (0/6) D:8

Altars:
Ashenzari
Fedhas
Hepliaklqana
Kikubaaqudgha
Uskayaw
Vehumet
Zin

Annotations:
D:8 Grum


Innate Abilities, Weirdness & Mutations

You have a beak for a mouth.
You have claws for feet.
Your magical nature lets you fly swiftly and evasively.


Message History

You slash the wolf! You claw the wolf.
You kill the wolf!
Trog accepts your kill.
You feel sick.
Reach: t) +0 glaive
Press: ? - help, Dir - move target, f - you That would be overly suicidal.
Okay, then.
Reach: t) +0 glaive
Press: ? - help, Dir - move target, f - you That would be overly suicidal.
Okay, then.
Reach: t) +0 glaive
Press: ? - help, Dir - move target, f - you That would be overly suicidal.
Okay, then.
You are no longer berserk.
You are exhausted.
You feel yourself slow down.
You feel sick. Something hits you but does no damage. Grum misses you.
You see here a wolf corpse.
Reach: t) +0 glaive
Press: ? - help, Dir - move target, f - orc
Aim: an orc, wielding a +0 club and wearing a +0 chain mail (about 32% to evade your +0 glaive)
You reach to attack!
You slash the orc!
You kill the orc!
Trog accepts your kill.
You feel sick. Something hits you.
Grum shouts, "Spike!
Good boy!"
Grum hits you from afar with a +0 glaive!!
* * * LOW HITPOINT WARNING * * *
Reach: t) +0 glaive
Press: ? - help, Dir - move target, f - Grum
Aim: Grum, wielding a +0 glaive and wearing a +0 animal skin (about 36% to evade your +0 glaive)
You reach to attack!
You closely miss Grum.
You feel sick. Something hits you.
* * * LOW HITPOINT WARNING * * *
Grum closely misses you. Something hits you.
* * * LOW HITPOINT WARNING * * *
Grum hits you from afar with a +0 glaive!
You die...

........# #.#.#.####.. ...
#.####### #.#.#.##.... ho #.#
#...#.##.#.# .# #'##
#.###.##.#.##.# ...##
#...>.##.#.#..# .# ....##
#.######.#.#.##..#
.....######.######.........#
<.....##........##)........#
......'.........@)g...........
......##.#...##†##o####....###
.....###.##.###.##.# .#.##
....## #.##.....##.# .###
...## #.#####<.##.. .# #'##
#.# #..#### #.# #.#####..#
#.######........#
#.......######.##


You could see Grum and an orc.

Vanquished Creatures
  A hornet (D:7)
  A wyvern (D:8)
  A steam dragon (D:7)
  5 water moccasins
  4 orc warriors
  2 black bears
  2 necrophages
  An ice beast (D:6)
  A sky beast (D:6)
  3 wolves (D:8)
  2 centaurs (D:7)
  A phantom (D:4)
  4 bullfrogs (D:8)
  7 scorpions
  6 wights
  A centaur zombie (D:6)
  A bullfrog zombie (D:6)
  4 jellies
  Crazy Yiuf (D:4)
  2 hounds
  3 centaur skeletons
  A gnoll shaman (D:5)
  Natasha (D:3)
  Terence (D:3)
  4 iguanas
  7 orc wizards
  Robin (D:3)
  7 gnolls (D:5)
  7 adders
  An ufetubus (D:4)
  A worm (D:2)
  3 dart slugs (D:1)
  34 orcs
  8 endoplasms
  3 giant cockroaches
  15 goblins
  13 hobgoblins
  4 jackals
  4 quokkas
  4 ball pythons
  6 bats
  3 frilled lizards
  7 kobolds
  7 rats
195 creatures vanquished.

Vanquished Creatures (others)
  26 fungi (D:8)
  25 plants (D:8)
51 creatures vanquished.

Grand Total: 246 creatures vanquished

Notes
Turn   | Place    | Note
-------+----------+-------------------------------------------
     0 | D:1      | polve the Tengu Berserker began the quest for the Orb.
     0 | D:1      | Reached XP level 1. HP: 14/14 MP: 2/2
    45 | D:1      | Found Visi's Magic Scroll Shoppe.
   294 | D:1      | Reached XP level 2. HP: 18/19 MP: 3/3
   323 | D:1      | Reached skill level 4 in Polearms
   542 | D:1      | Reached XP level 3. HP: 6/23 MP: 4/4
  1183 | D:2      | Reached ** piety under Trog
  1195 | D:2      | Reached skill level 5 in Polearms
  1195 | D:2      | Reached XP level 4. HP: 24/28 MP: 5/5
  1939 | D:3      | Noticed Terence
  1956 | D:3      | Killed Terence
  1957 | D:3      | Reached skill level 6 in Polearms
  1957 | D:3      | Gained mutation: Your magical nature lets you fly swiftly
                  | and evasively. [Tengu growth]
  1957 | D:3      | Reached XP level 5. HP: 32/32 MP: 6/6
  2151 | D:3      | Noticed Natasha
  2171 | D:3      | Killed Natasha
  2244 | D:3      | Noticed Robin
  2262 | D:3      | Killed Robin
  2275 | D:3      | Reached *** piety under Trog
  2445 | D:3      | Found a faded altar of an unknown god.
  2542 | D:3      | Reached skill level 7 in Polearms
  2723 | D:4      | Noticed a black bear
  2733 | D:4      | Killed a black bear
  2734 | D:4      | Reached XP level 6. HP: 33/37 MP: 7/7
  2903 | D:4      | Found a runed translucent door.
  2904 | D:4      | Noticed Crazy Yiuf
  2959 | D:4      | Reached skill level 8 in Polearms
  3032 | D:4      | Reached XP level 7. HP: 41/41 MP: 8/8
  3120 | D:4      | Reached skill level 9 in Polearms
  3740 | D:4      | Killed Crazy Yiuf
  3796 | D:5      | Entered Level 5 of the Dungeon
  3884 | D:5      | Reached skill level 10 in Polearms
  3898 | D:5      | Reached XP level 8. HP: 41/46 MP: 9/9
  4129 | D:5      | Reached **** piety under Trog
  4804 | D:5      | Found a blossoming altar of Fedhas.
  5110 | D:6      | Reached skill level 11 in Polearms
  5222 | D:6      | Found a staircase to the Ecumenical Temple.
  5471 | D:6      | Reached skill level 12 in Polearms
  5632 | D:6      | Reached XP level 9. HP: 50/50 MP: 10/10
  6658 | D:6      | Found a broken altar of Ashenzari.
  6675 | D:7      | Found a hide-covered altar of Uskayaw.
  6675 | D:7      | Found an ancient bone altar of Kikubaaqudgha.
  6675 | D:7      | Found a hazy altar of Hepliaklqana.
  6676 | D:7      | Found a radiant altar of Vehumet.
  6693 | D:7      | Reached skill level 13 in Polearms
  6712 | D:7      | Noticed a hornet
  6730 | D:7      | Killed a hornet
  7356 | D:7      | Found a glowing silver altar of Zin.
  7356 | D:7      | Noticed an angel
  7735 | D:7      | Reached skill level 14 in Polearms
  7957 | D:8      | Found a staircase to the Lair.
  7981 | D:8      | Reached XP level 10. HP: 56/56 MP: 11/11
  8121 | D:8      | Reached skill level 15 in Polearms
  8715 | D:8      | Noticed Grum
  8751 | D:8      | Slain by Grum

Illustrated notes

Levels and vault maps discovered:
D:1:      dpeg_arrival_round_b, layout_rooms, serial_shops, shop,
          supply_closet_lemuel, minmay_misc_feat_hallway, st_stairs_5
D:2:      layout_rooms, minmay_misc_feat_room
D:3:      layout_rooms, hellmonk_ecumenical_altar_leap_of_faith, uniq_terence,
          uniq_robin, uniq_natasha
D:4:      minmay_bubble_buster, layout_loops_cross, uniq_crazy_yiuf_cottage
D:5:      wander_river, layout_gridville, fedhas_altar_3
D:6:      layout_layer_cave, kennysheep_mini, minmay_temple_entry_arrows
D:7:      layout_loops_ring, zin_angel, grunt_temple_overflow_open,
          hangedman_decor_slide_cut, minmay_misc_feat_alley
D:8:      cheibrodos_iron_armory, layout_loops_corners,
          due_lair_maze_entry_diamond, ebering_ghost_disaster_area, uniq_grum

Skill      XL: |  1  2  3  4  5  6  7  8  9 10 |
---------------+-------------------------------+-----
Polearms       | 4 5 6 7 8 10 12 14 15 | 15.4
Fighting       | |  3.0
Armour         | |  2.1
Dodging        | |  2.1

Action                   |  1- 3 |  4- 6 |  7- 9 | 10-12 || total
-------------------------+-------+-------+-------+-------++-------
Melee: Spear             |    89 |   174 |    42 |       ||   305
       Kick              |    21 |    35 |    64 |    12 ||   132
       Peck              |    11 |    34 |    38 |     6 ||    89
       Glaive            |       |       |   211 |    73 ||   284
Invok: Berserk           |     3 |     4 |     8 |     2 ||    17
  Use: Potion            |       |       |     1 |       ||     1
 Stab: Sleeping          |     2 |       |       |       ||     2
Armor: Animal skin       |    14 |       |       |       ||    14
       Leather armour    |     5 |     5 |       |       ||    10
       Scale mail        |       |    18 |    60 |    17 ||    95
Dodge: Dodged            |    33 |    68 |   156 |    33 ||   290

Table legend: (Time is in decaauts)
 A = Elapsed time spent in this place.
 B = Non-inter-level travel time spent in this place.
 C = Inter-level travel time spent in this place.
 D = Time resting spent in this place.
 E = Time spent auto-exploring this place.
 F = Levels seen in this place.
 G = Mean time per level.
                   A        B        C        D        E       F      G
               +--------+--------+--------+--------+--------+-----+--------+
         Total |   8408 |   8085 |    323 |    155 |   6859 |   8 | 1051.0 |
       Dungeon |   8408 |   8085 |    323 |    155 |   6859 |   8 | 1051.0 |
               +--------+--------+--------+--------+--------+-----+--------+

Top non-repeatable levels by time:
     D:6: 1470 daAuts
     D:5: 1167 daAuts
     D:7: 1160 daAuts
     D:1: 1132 daAuts
     D:4: 1121 daAuts
     D:2: 832 daAuts
     D:8: 825 daAuts
     D:3: 697 daAuts
